 Dungeon Crawl Stone Soup version 0.30-a0-34-gbe8da3892a (webtiles) character file.

Game seed: 4352781153724912989

11 frimble the Gusty (level 2, 0/21 HPs)
             Began as a Demonspawn Air Elementalist on Aug 27, 2022.
             Slain by a gnoll
             ... wielding a +0 whip
              (3 damage)
             ... on level 1 of the Dungeon.
             The game lasted 00:00:43 (444 turns).

frimble the Gusty (Demonspawn Air Elementalist)      Turns: 444, Time: 00:00:43

Health: 0/21       AC:  4    Str:  8    XL:     2   Next: 17%
Magic:  0/5        EV: 12    Int: 16    God:
Gold:   9          SH:  0    Dex: 13    Spells: 4/5 levels left

rFire   . . .      SeeInvis .    c - +0 sling
rCold   . . .      Faith    .    (no shield)
rNeg    . . .      Spirit   .    a - +0 robe
rPois   .          Reflect  .    (no helmet)
rElec   .          Harm     .    (no cloak)
rCorr   .          Rampage  .    (no gloves)
Will    .....                    (no boots)
Stlth   ++........               (no amulet)
HPRegen 0.07/turn                (no ring)
MPRegen 0.09/turn                (no ring)

@: no status effects
A: molten scales 1
a: no special abilities


You were on level 1 of the Dungeon.
You visited 1 branch of the dungeon, and saw 1 of its levels.

You collected 9 gold pieces.

Inventory:

Hand Weapons
 c - a +0 sling (weapon)
Armour
 a - a +0 robe (worn)
Potions
 b - a potion of magic
 e - a potion of brilliance {unknown}


   Skills:
 + Level 1.2 Fighting
 - Level 1.8 Dodging
 - Level 1.9 Stealth
 - Level 2.0 Spellcasting
 - Level 1.1 Conjurations
 - Level 2.7 Air Magic


You had 4 spell levels left.
You knew the following spells:

 Your Spells              Type           Power      Damage    Failure   Level
a - Shock                 Conj/Air       28%        1d4       10%         1

Your spell library contained the following spells:

 Spells                   Type           Power      Damage    Failure   Level
 Static Discharge         Conj/Air       14%        3-4/arc   14%         2
 Swiftness                Air            10%        N/A       21%         3
 Airstrike                Air            5%         2d(1-17)  54%         4


Dungeon Overview and Level Annotations

Branches:
Dungeon (1/15)

Altars:

Shops:
D:1 *


Innate Abilities, Weirdness & Mutations

You are partially covered in molten scales. (AC +2)


Message History

The gnoll is heavily wounded.
The gnoll barely misses you.
You shoot a sling bullet.
The sling bullet hits the gnoll but does no damage.
The gnoll is heavily wounded.
The gnoll misses you. The gnoll hits you with a +0 whip!
Aiming: Shock (safe; 10% risk of failure)
Press: ? - help, Q - select action, (/) - cycle Shift-Dir - straight line, f/p - gnoll
Aim: a gnoll, wielding a +0 whip (moderately wounded, 72% to hit)
The zap misses the gnoll.
The gnoll hits you with a +0 whip.
Aiming: Shock (safe; 10% risk of failure)
Press: ? - help, Q - select action, (/) - cycle Shift-Dir - straight line, f/p - gnoll
Aim: a gnoll, wielding a +0 whip (moderately wounded, 72% to hit)
The zap hits the gnoll but does no damage.
The gnoll is moderately wounded.
The gnoll closely misses you.
Aiming: Shock (safe; 10% risk of failure)
Press: ? - help, Q - select action, (/) - cycle Shift-Dir - straight line, f/p - gnoll
Aim: a gnoll, wielding a +0 whip (moderately wounded, 72% to hit)
The zap hits the gnoll.
The gnoll is heavily wounded.
The gnoll closely misses you.
Aiming: Shock (safe; 10% risk of failure)
Press: ? - help, Q - select action, (/) - cycle Shift-Dir - straight line, f/p - gnoll
Aim: a gnoll, wielding a +0 whip (heavily wounded, 72% to hit)
You miscast Shock.
You are very lightly contaminated with residual magic.
Nothing appears to happen.
The gnoll misses you.
Aiming: Shock (safe; 10% risk of failure)
Press: ? - help, Q - select action, (/) - cycle Shift-Dir - straight line, f/p - gnoll
Aim: a gnoll, wielding a +0 whip (heavily wounded, 72% to hit)
You miscast Shock.
Nothing appears to happen.
The gnoll hits you with a +0 whip.
* * * LOW HITPOINT WARNING * * *
It was a potion of cancellation.
You feel magically purged.
Your magical contamination has completely faded away.
The gnoll hits you with a +0 whip.
You die...

#... #.# #.##......
#.... #.# #.##......
#....##.#######.##......
#...)...........##......
#......)..####..........
#.......................
###.##..###.##......
#g###.....##......
###@######..........
#.....#†...##.......
##.PPP...#### #......
#..P∩P.#.# .....
#..P.....# #....
#......### #####
#.....## ##....# #....#


You could see a gnoll.

Vanquished Creatures
  A dart slug (D:1)
  2 goblins (D:1)
  A hobgoblin (D:1)
  A quokka (D:1)
  2 ball pythons (D:1)
  A kobold (D:1)
  2 rats (D:1)
10 creatures vanquished.

Notes
Turn   | Place    | Note
-------+----------+-------------------------------------------
     0 | D:1      | frimble the Demonspawn Air Elementalist began the quest for
                  | the Orb.
     0 | D:1      | Reached XP level 1. HP: 13/13 MP: 3/3
   381 | D:1      | Reached skill level 1 in Fighting
   381 | D:1      | Gained mutation: You are partially covered in molten
                  | scales. (AC +2) [demonic ancestry]
   381 | D:1      | Reached XP level 2. HP: 21/21 MP: 5/5
   413 | D:1      | Found Ystrasogh's Assorted Antiques.
   444 | D:1      | Slain by a gnoll

Illustrated notes

Levels and vault maps discovered:
D:1:      dpeg_arrival_chambers_temple_mockup, layout_rooms,
          hellmonk_ecumenical_altar_heavens_door, serial_shops,
          nicolae_shop_overgrown_old_shop,
          nicolae_concentric_dashed_squares_wild

Skill      XL: |  1 |
---------------+----+-----
Fighting       | 1 |  1.2
Dodging        | |  1.8
Stealth        | |  1.9
Spellcasting   | |  2.0
Conjurations   | |  1.1
Air Magic      | |  2.7

Action                   || total
-------------------------++-------
Melee: Unarmed           ||     1
 Fire: Sling             ||    32
 Cast: Shock             ||     6
  Use: Potion            ||     1
Armor: Robe              ||     4
Dodge: Dodged            ||    20

Table legend: (Time is in decaauts)
 A = Elapsed time spent in this place.
 B = Non-inter-level travel time spent in this place.
 C = Inter-level travel time spent in this place.
 D = Time resting spent in this place.
 E = Time spent auto-exploring this place.
 F = Levels seen in this place.
 G = Mean time per level.
                   A        B        C        D        E       F      G
               +--------+--------+--------+--------+--------+-----+--------+
         Total |    456 |    456 |      0 |      0 |    374 |   1 |  456.0 |
       Dungeon |    456 |    456 |      0 |      0 |    374 |   1 |  456.0 |
               +--------+--------+--------+--------+--------+-----+--------+

Top non-repeatable levels by time:
     D:1: 456 daAuts
